 Dungeon Sprint DCSS version 0.30-a0-996-ga6910c8ee8 (webtiles) character file.

Game seed: 8994757576159888755

19870 fozzywoppz the Severer (level 12, -37/125 HPs)
             Began as a Minotaur Fighter on Apr 5, 2023.
             Was a High Priest of Okawaru.
             Annihilated by an orc warlord
             ... wielding a +0 bardiche
              (49 damage)
             ... in the Dungeon (Sprint VII: "The Pits").
             The game lasted 00:12:43 (2357 turns).

fozzywoppz the Severer (Minotaur Fighter)           Turns: 2357, Time: 00:12:44

Health: -37/125    AC: 23    Str: 23    XL:     12   Next: 40%
Magic:  16/20      EV: 16    Int:  5    God:    Okawaru [*****.]
Gold:   22         SH: 12    Dex: 13    Spells: 11/11 levels left

rFire   . . .      SeeInvis .    r - +6 broad axe (heavy)
rCold   . . .      Faith    .    d - +0 kite shield
rNeg    . . .      Spirit   .    f - +4 chain mail
rPois   .          Reflect  .    (helmet restricted)
rElec   .          Rampage  .    s - +0 cloak
rCorr   .          NoTele   +    (no gloves)
Will    .....                    (no boots) Stlth
                                 (no amulet)
HPRegen 0.40/turn                o - +3 ring of protection
MPRegen 0.17/turn                p - +3 ring of evasion

@: mighty, finesse-ful
A: horns 2, retaliatory headbutt
a: Renounce Religion, Heroism, Finesse


You were in the Dungeon.
You worshipped Okawaru.
Okawaru was extremely pleased with you.
You visited 1 branch You collected 22 gold pieces.

Inventory:

Hand Weapons
 r - a +6 heavy broad axe (weapon)
Armour
 a - the +4 skin of Zhor {*Englaciate rC+++ SInv}
   (Okawaru gifted it to you in the Dungeon)

   *Englaciate: It radiates cold, occasionally slowing all nearby creatures who
   are not resistant to cold.
   rC:        It renders you almost immune to cold.
   SInv:      It lets you see invisible.
 d - a +0 kite shield (worn)
 f - a +4 chain mail (worn)
 n - a +3 scale mail of fire resistance
 s - a +0 cloak (worn)
Jewellery
 j - a ring of see invisible
 o - a +3 ring of protection (left hand)
 p - a +3 ring of evasion (right hand)
 v - a ring of ice
Scrolls
 b - a scroll of magic mapping
 l - 5 scrolls of amnesia
 m - a scroll of summoning
 t - 3 scrolls of identify
 w - 2 scrolls of enchant weapon
 x - a scroll of fog
 A - a scroll of fear
 B - 3 scrolls of enchant armour
Potions
 c - 4 potions of heal wounds
 e - 8 potions of curing
 g - 2 potions of haste
 h - 4 potions of magic
 i - a potion of berserk rage
 k - 2 potions of invisibility
 q - a potion of brilliance
 u - 2 potions of might
 z - a potion of resistance


   Skills:
 + Level 17.5 Fighting
 - Level 18.0 Axes
 + Level 17.6 Armour
 + Level 14.9 Dodging
 + Level 12.8 Shields
 - Level 12.0 Invocations


You had 11 spell levels left.
You didn't know any spells.
Your spell library contained the following spells:

 Spells                   Type           Power      Damage    Failure   Level
 Magic Dart               Conj           0%         1d3       99%         1
 Searing Ray              Conj           0%         2d4       99%         2
 Fulminant Prism          Conj/Hex       0%         3d5       100%        4


Dungeon Overview and Level Annotations

Branches:
Dungeon (1/1)

Altars:
Ashenzari
Cheibriados
Dithmenos
Elyvilon
Fedhas
Gozag
Hepliaklqana
Kikubaaqudgha
Makhleb
Nemelex Xobeh
Okawaru
Qazlal
Ru
Sif Muna
Trog
Uskayaw
Vehumet
Wu Jian
Xom
Yredelemnul
Zin
The Shining One
Jiyva
Lugonu


Innate Abilities, Weirdness & Mutations

You have a pair of horns on your head.
You reflexively headbutt those who attack you in melee.


Message History

a +0 war axe; a +0 chain mail; a +0 giant club
There is an open door to the Storerooms (Easy), spattered with blood here.
You aren't carrying any items that you can evoke.
As you read the scroll of enchant weapon, it crumbles to dust.
Your +5 heavy broad axe glows red for a moment.
The orc warlord roars a battlecry!
Okay, then.
The orc warlord roars a battlecry!
The orc warlord goes into a battle-frenzy!
You feel much better.
You feel very mighty all of a sudden.
You can now deal lightning-fast blows.
The orc warlord hits you but does no damage.
The orc warlord hits you with a +0 bardiche!!
You slash the orc warlord!
The orc warlord is lightly wounded.
You slice the orc warlord!!
The orc warlord hits you with a +1 heavy dire flail!
* * * LOW HITPOINT WARNING * * *
You slash the orc warlord!
The orc warlord is moderately wounded.
You slice the orc warlord!!
The orc warlord hits you with a +0 bardiche!!
* * * LOW HITPOINT WARNING * * *
Unknown command.
You slice the orc warlord!! You headbutt the orc warlord.
You kill the orc warlord!
Okawaru is honoured by your kill.
You slice the orc warlord!!
Unknown command.
You feel much better.
The orc warlord hits you with a +0 bardiche!!
* * * LOW HITPOINT WARNING * * *
The yaktaur hits you!
* * * LOW HITPOINT WARNING * * *
You slice the yaktaur!! You headbutt the yaktaur.
The yaktaur is almost dead.
You slice the orc warlord!!
The orc warlord hits you with a +0 bardiche!!!
You die...

############ #_________.#
#_________.#
#_______...###########++##
##########'##.............
#.?(.')))'.##...)..#..#...
##########c##.............
#........@oo'......)......
#'#####'#####......#..#...
#.#..#...'.##......).)....
#.#..#...#.#####'#####''##
#.#..#####.##.......##''##
#.#..'..)#)##.......##))).
#.#..'.)[).##.......##....
#.#..########...<...##....
#.#..'.))).##.......##...#


You could see an orc warlord (strong), an orc knight (strong) and a yaktaur.

Vanquished Creatures
  An emperor scorpion (D)
  An orc warlord (D)
  A great orb of eyes (D)
  A hydra (D)
  A catoblepas (D)
  2 two-headed ogres (D)
  A sun demon (D)
  An iron troll (D)
  7 orc knights (D)
  A phantasmal warrior (D)
  A deep elf zephyrmancer (D)
  A manticore (D)
  An ugly thing (D)
  A black mamba (D)
  A merfolk siren (D)
  A molten gargoyle (D)
  A cane toad (D)
  2 orange demons (D)
  An unseen horror (D)
  A gargoyle (D)
  A yaktaur (D)
  2 guardian mummies (D)
  3 kobold demonologists (D)
  A hellwing (D)
  A hornet (D)
  6 dream sheep (D)
  6 slime creatures (D)
  2 air elementals (D)
  A wraith (D)
  A small abomination (D)
  A ynoxinul (D)
  5 yaks (D)
  2 vampire mosquitoes (D)
  A steam dragon (D)
  2 wargs (D)
  An acid dragon (D)
  A swamp drake (D)
  An orc warrior (D)
  A black bear (D)
  An ogre (D)
  A wolf (D)
  A phantom (D)
  2 gnoll sergeants (D)
  2 scorpions (D)
  4 killer bees (D)
  A jelly (D)
  A crimson imp (D)
  An orc priest (D)
  A gnoll bouda (D)
  An iron imp (D)
  13 gnolls (D)
  A river rat (D)
  An adder (D)
  A white imp (D)
  5 orcs (D)
  3 endoplasms (D)
  A giant cockroach (D)
  A goblin (D)
  2 jackals (D)
  5 kobolds (D)
  A quokka (D)
  2 ball pythons (D)
  A ball python zombie (D)
  A bat (D)
  A frilled lizard (D)
  A giant cockroach simulacrum (D)
  A rat (D)
124 creatures vanquished.

Vanquished Creatures (others)
  An orc warrior (D)
  A wolf (D)
2 creatures vanquished.

Grand Total: 126 creatures vanquished

Notes
Turn   | Place    | Note
-------+----------+-------------------------------------------
     0 | D        | fozzywoppz the Minotaur Fighter began the quest for the
                  | Orb.
     0 | D        | Reached XP level 1. HP: 19/19 MP: 0/0
     8 | D        | Noticed a scorpion
    10 | D        | Killed a scorpion
    11 | D        | Reached skill level 5 in Fighting
    11 | D        | Reached skill level 4 in Axes
    11 | D        | Reached skill level 5 in Armour
    11 | D        | Reached skill level 5 in Shields
    11 | D        | Reached XP level 2. HP: 18/30 MP: 1/1
    11 | D        | Reached XP level 3. HP: 22/37 MP: 2/2
    14 | D        | Found a bloodstained altar of Trog.
    14 | D        | Found a shimmering blue altar of Sif Muna.
    14 | D        | Found a viscous altar of Jiyva.
    14 | D        | Found a hazy altar of Hepliaklqana.
    14 | D        | Found an opulent altar of Gozag.
    15 | D        | Found a glowing golden altar of the Shining One.
    15 | D        | Found a glowing silver altar of Zin.
    15 | D        | Found a basalt altar of Yredelemnul.
    15 | D        | Found a shimmering altar of Xom.
    15 | D        | Found an ornate altar of the Wu Jian Council.
    15 | D        | Found a sacrificial altar of Ru.
    15 | D        | Found a stormy altar of Qazlal.
    15 | D        | Found an iron altar of Okawaru.
    15 | D        | Found a sparkling altar of Nemelex Xobeh.
    15 | D        | Found a burning altar of Makhleb.
    15 | D        | Found a blossoming altar of Fedhas.
    15 | D        | Found a white marble altar of Elyvilon.
    15 | D        | Found a shadowy altar of Dithmenos.
    15 | D        | Found a snail-covered altar of Cheibriados.
    16 | D        | Found a radiant altar of Vehumet.
    16 | D        | Found a corrupted altar of Lugonu.
    17 | D        | Found a hide-covered altar of Uskayaw.
    17 | D        | Found an ancient bone altar of Kikubaaqudgha.
    17 | D        | Found a broken altar of Ashenzari.
    48 | D        | Became a worshipper of Warmaster Okawaru
    97 | D        | Reached skill level 5 in Axes
   110 | D        | Reached XP level 4. HP: 43/44 MP: 3/3
   135 | D        | Noticed a gnoll sergeant
   142 | D        | Reached skill level 6 in Axes
   154 | D        | Killed a gnoll sergeant
   154 | D        | Reached * piety under Okawaru
   155 | D        | Reached skill level 7 in Axes
   155 | D        | Reached XP level 5. HP: 17/52 MP: 4/4
   354 | D        | Noticed a wolf
   359 | D        | Killed a wolf
   360 | D        | Reached skill level 8 in Axes
   360 | D        | Reached XP level 6. HP: 53/62 MP: 5/5
   388 | D        | Noticed an orc warrior
   395 | D        | Killed an orc warrior
   401 | D        | Noticed a warg
   403 | D        | Reached ** piety under Okawaru
   404 | D        | Reached skill level 9 in Axes
   406 | D        | Killed a warg
   407 | D        | Reached skill level 10 in Fighting
   407 | D        | Reached skill level 10 in Armour
   407 | D        | Reached skill level 10 in Shields
   407 | D        | Reached XP level 7. HP: 54/72 MP: 6/6
   464 | D        | Noticed a deep elf zephyrmancer
   464 | D        | Noticed a guardian mummy
   478 | D        | Killed a guardian mummy
   479 | D        | Reached skill level 10 in Axes
   483 | D        | Killed a deep elf zephyrmancer
   484 | D        | Reached skill level 11 in Axes
   484 | D        | Reached XP level 8. HP: 60/82 MP: 7/7
   671 | D        | Noticed an orc knight
   677 | D        | Reached skill level 5 in Dodging
   677 | D        | Reached skill level 1 in Invocations
   691 | D        | Killed an orc knight
   691 | D        | Reached *** piety under Okawaru
   692 | D        | Reached skill level 12 in Axes
   710 | D        | Noticed a dream sheep
   710 | D        | Noticed a dream sheep
   714 | D        | Noticed a dream sheep
   715 | D        | Noticed a dream sheep
   716 | D        | Killed a dream sheep
   717 | D        | Reached XP level 9. HP: 76/92 MP: 10/10
   717 | D        | Reached **** piety under Okawaru
   717 | D        | Noticed a kobold demonologist
   721 | D        | Noticed a kobold demonologist
   724 | D        | Killed a kobold demonologist
   725 | D        | Reached skill level 5 in Invocations
   729 | D        | Reached skill level 13 in Axes
   734 | D        | Killed a kobold demonologist
   735 | D        | Noticed a kobold demonologist
   744 | D        | Killed a kobold demonologist
   744 | D        | Reached ***** piety under Okawaru
   758 | D        | Noticed a four-headed hydra
   776 | D        | Killed a ten-headed hydra
   777 | D        | Reached XP level 10. HP: 54/103 MP: 12/14
   956 | D        | Noticed an orange demon
   956 | D        | Noticed a great orb of eyes
   965 | D        | Killed an orange demon
   966 | D        | Reached skill level 14 in Axes
   973 | D        | Killed a great orb of eyes
   974 | D        | Reached skill level 10 in Dodging
  1105 | D        | Noticed a merfolk siren
  1105 | D        | Noticed a black mamba
  1114 | D        | Killed a merfolk siren
  1116 | D        | Killed a black mamba
  1117 | D        | Reached skill level 15 in Fighting
  1117 | D        | Reached skill level 15 in Axes
  1117 | D        | Reached skill level 15 in Armour
  1126 | D        | Noticed a molten gargoyle
  1129 | D        | Received a gift from Okawaru
  1132 | D        | Killed a molten gargoyle
  1157 | D        | Noticed an orange demon
  1157 | D        | Paralysed by an air elemental for 1 turns
  1161 | D        | Paralysed by an air elemental for 1 turns
  1164 | D        | Paralysed by an air elemental for 1 turns
  1168 | D        | Reached skill level 16 in Axes
  1168 | D        | Reached skill level 10 in Invocations
  1174 | D        | Reached XP level 11. HP: 62/112 MP: 17/17
  1180 | D        | Reached skill level 17 in Axes
  1200 | D        | Noticed an emperor scorpion
  1200 | D        | Noticed a two-headed ogre
  1200 | D        | Noticed a phantasmal warrior
  1250 | D        | Killed an emperor scorpion
  1250 | D        | Reached ****** piety under Okawaru
  1250 | D        | Received a gift from Okawaru
  1250 | D        | Found the +4 skin of Zhor {*Englaciate rC+++ SInv}
  1251 | D        | Reached skill level 18 in Axes
  1380 | D        | Noticed a catoblepas
  1413 | D        | Killed a catoblepas
  1601 | D        | Killed a two-headed ogre
  1617 | D        | Killed a phantasmal warrior
  2003 | D        | Noticed a two-headed ogre
  2004 | D        | Noticed a purple ugly thing
  2010 | D        | Killed a two-headed ogre
  2010 | D        | Killed a purple ugly thing
  2025 | D        | Noticed a sun demon
  2030 | D        | Killed a sun demon
  2040 | D        | Reached XP level 12. HP: 53/124 MP: 20/20
  2181 | D        | Paralysed by an air elemental for 1 turns
  2183 | D        | Received a gift from Okawaru
  2257 | D        | Noticed an orc warlord
  2257 | D        | Noticed an orc warlord
  2291 | D        | HP: 3/125 [orc warlord/+0 bardiche (7)]
  2355 | D        | Killed an orc warlord
  2357 | D        | Annihilated by an orc warlord

Illustrated notes

Levels and vault maps discovered:
D:        pitsprint [storerooms_1, entrance_room_1, metal_vault_4, armoury_2,
          mini_pit_1, grid_room_1, main_hall_1, silver_pit, the_coven_1,
          the_vestibule_1, steel_vault_3, golden_pit, hallway_of_sentries,
          crystal_vault_1, iron_vault_4, final_vault]

Skill      XL: |  1  2  3  4  5  6  7  8  9 10 11 12 |
---------------+-------------------------------------+-----
Fighting       | 5 7 8 10 11 12 14 15 16 17 | 17.5
Axes           | 4 5 7 8 9 11 12 13 16 18 | 18.0
Armour         | 5 7 8 10 11 12 14 15 16 17 | 17.6
Shields        | 5 7 8 10 11 12 | 12.8
Dodging        | 4 6 9 10 13 14 | 14.9
Invocations    | 3 7 10 12 | 12.0

Action                     |  1- 3 |  4- 6 |  7- 9 | 10-12 || total
---------------------------+-------+-------+-------+-------++-------
  Melee: War axe           |     7 |    63 |    60 |    23 ||   153
         Headbutt          |       |     8 |     8 |    35 ||    51
         Broad axe         |       |       |       |   116 ||   116
 Invoke: Heroism           |       |       |     1 |     1 ||     2
         Finesse           |       |       |       |     2 ||     2
    Use: Potion            |       |     2 |     4 |    17 ||    23
         Scroll            |       |       |       |     5 ||     5
   Stab: Paralysed         |       |       |       |     1 ||     1
         Petrified         |       |       |       |     1 ||     1
 Armour: Scale mail        |     6 |    22 |    30 |    61 ||   119
         Chain mail        |       |       |       |    27 ||    27
  Dodge: Dodged            |     3 |    42 |    36 |   101 ||   182
  Block: Buckler           |     2 |    12 |       |       ||    14
         Kite shield       |       |    12 |    35 |   105 ||   152

Table legend: (Time is in decaauts)
 A = Elapsed time spent in this place.
 B = Non-inter-level travel time spent in this place.
 C = Inter-level travel time spent in this place.
 D = Time resting spent in this place.
 E = Time spent auto-exploring this place.
 F = Levels seen in this place.
 G = Mean time per level.
                   A        B        C        D        E       F      G
               +--------+--------+--------+--------+--------+-----+--------+
         Total |   2400 |   2400 |      0 |   1230 |      0 |   1 | 2400.0 |
       Dungeon |   2400 |   2400 |      0 |   1230 |      0 |   1 | 2400.0 |
               +--------+--------+--------+--------+--------+-----+--------+

Top non-repeatable levels by time:
       D: 2400 daAuts
